 Dungeon Crawl Stone Soup version 0.24.0-124-g2791043dd8 (webtiles) character file.

Game seed: 5245967166117331860, levelgen mode: deterministic

33 Kohma the Ducker (level 3, -1/29 HPs)
             Began as a Minotaur Summoner on Feb 15, 2020.
             Slain by an iguana (11 damage)
             ... on level 2 of the Dungeon.
             The game lasted 00:03:44 (1257 turns).

Kohma the Ducker (Minotaur Summoner)                Turns: 1257, Time: 00:03:45

Health: -1/29      AC:  6    Str: 13    XL:     3   Next: 12%
Magic:  3/4        EV:  9    Int: 12    God:
Gold:   23         SH:  0    Dex: 10    Spells: 3/4 levels left

rFire    . . .     SeeInvis .   a - +0 short sword (speed)
rCold    . . .     Gourm    .   (no shield)
rNeg     . . .     Faith    .   e - +0 scale mail
rPois    .         Spirit   .   (helmet restricted)
rElec    .         Reflect  .   (no cloak)
rCorr    .         Harm     .   (no gloves)
MR       .....                  (no boots)
Stlth    ..........             (no amulet)
HPRegen  0.09/turn              (no ring)
MPRegen  0.09/turn              (no ring)

@: no status effects
A: retaliatory headbutt, horns 2
a: no special abilities


You were on level 2 of the Dungeon.
You were hungry.

You visited 1 branch of the dungeon, and saw 2 of its levels.

You collected 23 gold pieces.

Inventory:

Hand Weapons
 a - a +0 short sword of speed (weapon)
Missiles
 g - 16 poisoned darts (quivered)
Armour
 e - a +0 scale mail (worn)
Jewellery
 b - a +3 ring of dexterity {unknown}
 d - an uncursed ring of protection from magic {unknown}
Scrolls
 i - a scroll of remove curse {unknown}
Potions
 h - a potion of curing {unknown}
Comestibles
 c - 2 rations
 f - 2 chunks of flesh


   Skills:
 + Level 2.1 Fighting
 * Level 0.8 Short Blades
 + Level 0.4 Armour
 + Level 3.0 Dodging
 - Level 1.5 Stealth
 - Level 1.3 Spellcasting
 - Level 2.9 Summonings


You had 3 spell levels left.
You knew the following spells:

 Your Spells              Type           Power        Failure   Level  Hunger
a - Summon Small Mammal   Summ           #...         38%         1    ##.....

Your spell library contained the following spells:

 Spells                   Type           Power        Failure   Level  Hunger
 Call Imp                 Summ           #.......     54%         2    ###....
 Call Canine Familiar     Summ           #.......     77%         3    ####...
 Summon Guardian Golem    Hex/Summ       #.......     92%         3    ####...
 Summon Ice Beast         Ice/Summ       #.......     100%        4    #####..
 Summon Lightning Spire   Summ/Air       #.......     100%        4    #####..


Dungeon Overview and Level Annotations

Branches:
Dungeon (2/15)

Altars:


Innate Abilities, Weirdness & Mutations

You reflexively headbutt those who attack you in melee.
You have a pair of horns on your head.


Message History

Your rat disappears in a puff of smoke!
Your bat hits the iguana but does no damage.
The iguana hisses angrily.
You hit the iguana but do no damage.
You headbutt the iguana, but do no damage.
The iguana is moderately wounded.
Your bat hits the iguana but does no damage.
The iguana bites you but does no damage.
You closely miss the iguana.
The iguana is moderately wounded.
Your bat hits the iguana but does no damage.
The iguana bites you but does no damage.
You closely miss the iguana.
The iguana is moderately wounded.
Your bat misses the iguana.
Your magical contamination has completely faded away.
You hit the iguana.
The iguana is moderately wounded.
The iguana bites you!
You die...

##+###### #.......#
#.####.......# #
#........r...#.# #
###########....#l..#.##.##
.............r###.........
########..⌠..## ##§.......
# #......+##l........ #
##..P...#@§#....... #
#...P≈≈P............ #
#....PP....##....... #
#..........# ...(... #
#..........# ....... #
#..........# ....... #
#..........# ... #
........# #


You could see an iguana.

Vanquished Creatures
  An adder (D:2)
  An ooze (D:1)
  2 goblins (D:1)
  3 hobgoblins (D:1)
  2 jackals (D:1)
  2 kobolds (D:1)
  2 frilled lizards (D:1)
  3 rats (D:1)
16 creatures vanquished.

Vanquished Creatures (collateral kills)
  A leopard gecko (D:1)
  A giant cockroach (D:1)
  A goblin (D:1)
  2 bats (D:1)
  A frilled lizard (D:1)
6 creatures vanquished.

Grand Total: 22 creatures vanquished

Notes
Turn   | Place    | Note
-------+----------+-------------------------------------------
     0 | D:1      | Kohma the Minotaur Summoner began the quest for the Orb.
     0 | D:1      | Reached XP level 1. HP: 14/14 MP: 1/1
   315 | D:1      | Reached skill level 1 in Fighting
   315 | D:1      | Reached XP level 2. HP: 22/23 MP: 3/3
   756 | D:1      | Reached skill level 3 in Dodging
  1032 | D:2      | Reached XP level 3. HP: 16/29 MP: 0/4
  1257 | D:2      | Slain by an iguana

Levels and vault maps discovered:
D:1:      minmay_arrival_four_loops, layout_basic
D:2:      layout_basic, overflow_temple_1_default, tso_oasis_becter,
          chequers_ecumenical_altar_simple

Skill      XL: |  1  2 |
---------------+-------+-----
Fighting       | 1 2 |  2.1
Dodging        | 3 |  3.0
Short Blades   | |  0.8
Armour         | |  0.4
Stealth        | |  1.5
Spellcasting   | |  1.3
Summonings     | |  2.9

Action                   || total
-------------------------++-------
Melee: Unarmed           ||     9
       Dagger            ||    34
       Headbutt          ||     8
       Club              ||     1
       Short sword       ||    25
Throw: Dart              ||     1
 Cast: Summon Small Mamm ||    14
  Eat: Chunk             ||     1
Armor: Robe              ||     9
       Scale mail        ||    26
Dodge: Dodged            ||    43
